 Dungeon Crawl Stone Soup version 0.17-a0-1850-g688e747 (webtiles) character file.

156 Oddball22 the Grave Robber (level 5, -3/41 HPs)
             Began as a Demonspawn Necromancer on Sept 19, 2015.
             Killed by divine providence
             ... invoked by an orc priest
              (14 damage)
             ... on level 3 of the Dungeon.
             The game lasted 00:13:17 (4445 turns).

Oddball22 the Grave Robber (Demonspawn Necromancer) Turns: 4445, Time: 00:13:17

Health: -3/41      AC:  9    Str:  0    XL:     5   Next: 14%
Magic:  3/8        EV: 10    Int: 17    God:
Gold:   184        SH:  0    Dex: 14    Spells: 3 memorised, 3 levels left

rFire  . . .     SeeInvis +     f - -2 club (curse)
rCold  . . .     Clarity  .     k - +0 leather armour
rNeg   . . .     SustAt   .     (no shield)
rPois  .         Gourm    .     (no helmet)
rElec  .         Spirit   .     (no cloak)
rCorr  .         Warding  .     h - +0 pair of gloves
rMut   .         Stasis   .     g - +0 pair of boots
MR     +....                    (no amulet)
Stlth  ++........               (no ring)
                                u - -6 ring of strength (curse)

@: slowed, lost strength, very slow, somewhat resistant to hostile enchantments,
unstealthy
A: iridescent scales 1, see invisible, demonic guardian 2, magic resistance 1,
weak 1
a: no special abilities


You were on level 3 of the Dungeon.
You were very hungry.

You visited 1 branch of the dungeon, and saw 3 of its levels.

You collected 184 gold pieces.

Inventory:

Hand weapons
 f - a cursed -2 club (weapon)
 l - a +0 dagger
 m - a +4 spear
Armour
 a - a +0 robe
 g - a +0 pair of boots (worn)
 h - a +0 pair of gloves (worn)
 k - a +0 leather armour (worn)
Jewellery
 u - a cursed -6 ring of strength (left hand)
Magical devices
 r - a wand of random effects (26)
Scrolls
 t - a scroll of identify
Potions
 e - a potion of brilliance
 j - a potion of heal wounds
 n - a potion of agility
 s - 2 potions of curing
Books
 b - a book of Necromancy

   Spells                             Type                      Level
   a - Pain                           Necromancy                   1
   b - Animate Skeleton               Necromancy                   1
   c - Vampiric Draining              Necromancy                   3
   d - Regeneration                   Charms/Necromancy            3
   e - Animate Dead                   Necromancy                   4
   f - Control Undead                 Necromancy                   4
Comestibles
 c - 6 bread rations
 o - 2 fruits


   Skills:
 * Level 3.3 Fighting
 + Level 1.6 Armour
 + Level 2.9 Dodging
 - Level 2.1 Stealth
 - Level 2.0 Spellcasting
 - Level 4.3 Necromancy


You had 3 spell levels left.
You knew the following spells:

 Your Spells              Type           Power        Failure   Level  Hunger
a - Pain                  Necr           ###.         14%         1    #......
b - Animate Skeleton      Necr           N/A          14%         1    #......
c - Vampiric Draining     Necr           ###.......   38%         3    ###....


Dungeon Overview and Level Annotations

Branches:
Dungeon (3/15)

Altars:
Fedhas


Innate Abilities, Weirdness & Mutations

You are partially covered in iridescent scales (AC +4).
A demonic guardian rushes to your aid.
You have supernaturally acute eyesight.
You are resistant to hostile enchantments.
You are weak. (Str -2)


Message History

The orc convulses in agony!
You kill the orc!
An orc wizard comes into view. It is wielding a dagger.
Casting: Pain
Confirm with . or Enter, or press ? or * to list all spells.
Aiming: Pain
Press: ? - help, Shift-Dir - straight line, f - orc priest
Aim: an orc priest, wielding a whip (chance to defeat MR: 75%)
The orc priest convulses in agony!
The orc priest barely misses you.
The orc wizard casts a spell.
The orc wizard seems to speed up.
Casting: Pain
Confirm with . or Enter, or press ? or * to list all spells.
Aiming: Pain
Press: ? - help, Shift-Dir - straight line, f/p - orc priest
Aim: an orc priest, wielding a whip (moderately wounded, chance to defeat MR: 75%)
The orc priest struggles to resist.
The orc priest mumbles some strange prayers to Beogh against you.
Something smites you!
You die...

.....#.......#...#.####.....)....
###..........................<...
# #...........####.####..........
###...........## #.# #..........
(...........#..###(# #..........
##.....#.....#..##.# ###########
.......###....#.##.# ## ###....#
##.....3oo#...## ## # #....#
#.(...@......[# #####≈ #....#
#.............# ##≈≈≈≈≈ ######
#....#####...####≈≈≈≈≈≈ #...##
#### #≈≈≈.... #...# #≈≈.....
#...# #≈≈..##' #...# #≈≈..#..
##### #≈≈..#.. #≈≈..#..


You could see an orc priest, an orc wizard and a friendly sun demon.

Vanquished Creatures
  Ijyb (D:3)
  A worker ant (D:3)
  2 adders (D:2)
  A worm (D:2)
  2 giant geckos
  8 orcs
  4 giant cockroaches
  14 goblins
  7 hobgoblins
  3 jackals (D:3)
  8 bats
  5 giant newts
  9 kobolds
  7 rats
72 creatures vanquished.

Notes
Turn   | Place    | Note
--------------------------------------------------------------
     0 | D:1      | Oddball22 the Demonspawn Necromancer began the quest for the Orb.
     0 | D:1      | Reached XP level 1. HP: 13/13 MP: 3/3
   178 | D:1      | Reached skill level 1 in Fighting
   462 | D:1      | Gained mutation: You are partially covered in iridescent scales (AC +4). [demonic ancestry]
   462 | D:1      | Reached XP level 2. HP: 16/21 MP: 3/5
   690 | D:1      | Learned a level 1 spell: Animate Skeleton
  1276 | D:2      | Reached XP level 3. HP: 27/27 MP: 6/6
  2506 | D:3      | Learned a level 3 spell: Vampiric Draining
  2589 | D:2      | Reached skill level 1 in Armour
  2589 | D:2      | Gained mutation: A weak demonic guardian rushes to your aid. [demonic ancestry]
  2589 | D:2      | Reached XP level 4. HP: 15/34 MP: 2/7
  2875 | D:3      | Found a blossoming altar of Fedhas.
  3290 | D:3      | Noticed Ijyb
  3324 | D:3      | Gained mutation: You are resistant to hostile enchantments. [potion of mutation]
  3324 | D:3      | Lost strength.
  3324 | D:3      | Gained mutation: You are weak. (Str -2) [potion of mutation]
  3324 | D:3      | Gained mutation: You have supernaturally acute eyesight. [potion of mutation]
  3349 | D:3      | Killed Ijyb
  4174 | D:3      | Gained mutation: A demonic guardian rushes to your aid. [demonic ancestry]
  4174 | D:3      | Reached XP level 5. HP: 7/41 MP: 3/8
  4445 | D:3      | Killed from afar by an orc priest

Vault maps used:
D:1:      dpeg_arrival_rooms_c
D:3:      kennysheep_goblin_castle, fedhas_altar_3

Action                   |  1- 3 |  4- 6 || total
-------------------------+-------+-------++-------
Melee: Club              |   174 |   172 ||   346
       Unarmed           |     1 |       ||     1
 Cast: Pain              |    51 |    45 ||    96
       Vampiric Draining |       |     1 ||     1
  Use: Potion            |     1 |     8 ||     9
       Scroll            |     4 |     1 ||     5
 Stab: Sleeping          |     3 |       ||     3
  Eat: Chunk             |     6 |     6 ||    12
       Fruit             |       |     1 ||     1
       Beef jerky        |       |     1 ||     1
